 Dungeon Crawl Stone Soup version 0.19-a0-994-g3c636f0 (webtiles) character file.

53519 mistymad the Spry (level 14, 0/118 HPs)
             Began as a Merfolk Monk on July 15, 2016.
             Was a High Priest of Fedhas.
             Slain by a warg (3 damage)
             ... while paralysed by an orc sorcerer
             ... on level 2 of the Orcish Mines.
             The game lasted 01:07:00 (24381 turns).

mistymad the Spry (Merfolk Monk)                   Turns: 24381, Time: 01:07:01

Health: 0/118      AC: 14    Str: 18    XL:     14   Next: 68%
Magic:  18/18      EV:  2    Int:  7    God:    Fedhas [*****.]
Gold:   1671       SH:  0    Dex: 18    Spells: 1 memorised, 12 levels left

rFire  + . .     SeeInvis .     K - +6 trident "Xilin" {pierce, rC++}
rCold  + + +     Gourm    +     w - +1 leather armour of Beogh's Envy {rC+ Str+3 Int-4 Dex+2}
rNeg   . . .     Faith    .     R - +0 buckler {AC+3}
rPois  .         Spirit   .     t - +1 helmet
rElec  .         Dismiss  .     P - +0 cloak
rCorr  .         Reflect  .     b - +0 pair of gloves
SustAt +         Harm     .     d - +0 pair of boots
MR     +....                    m - amulet of the gourmand
Stlth  ++........               a - ring of protection from fire
                                k - ring of sustain attributes

@: paralysed, heavily drained, somewhat resistant to hostile enchantments,
unstealthy
A: change form in water, swift swim
a: Evolution, Sunlight, Growth, Reproduction, Rain, Renounce Religion


You were on level 2 of the Orcish Mines.
You worshipped Fedhas.
Fedhas was extremely pleased with you.
You were very full.

You visited 4 branches of the dungeon, and saw 21 of its levels.
You also visited: Labyrinth and Bailey.

You collected 1671 gold pieces.

Inventory:

Hand Weapons
 y - a +1 spear of freezing
 K - the +6 trident "Xilin" (weapon) {pierce, rC++}
   (You found it on level 8 of the Dungeon)

   It inflicts extra damage upon your enemies.
   It greatly protects you from cold.
Missiles
 q - 3 throwing nets (quivered)
Armour
 b - a +0 pair of gloves (worn)
 d - a +0 pair of boots (worn)
 t - a +1 helmet (worn)
 w - the +1 leather armour of Beogh's Envy (worn) {rC+ Str+3 Int-4 Dex+2}
   (You found it on level 9 of the Dungeon)

   It affects your strength (+3).
   It affects your intelligence (-4).
   It affects your dexterity (+2).
   It protects you from cold.
 M - a +0 plate armour of fire resistance
 P - a +0 cloak (worn)
 R - a +0 buckler of protection (worn)
Jewellery
 a - a ring of protection from fire (right hand)
 i - a +5 amulet of reflection
 j - an uncursed ring of ice
 k - a ring of sustain attributes (left hand)
 m - an amulet of the gourmand (around neck)
 H - an uncursed ring of resist corrosion
 N - an uncursed ring of flight
 T - an uncursed ring of positive energy
Wands
 p - a wand of enslavement (7/24)
 z - a wand of teleportation (1/9)
 L - a wand of iceblast (5/15)
 S - a wand of disintegration (14/24)
 U - a wand of digging (16/24)
 Y - a wand of digging (7/24)
Scrolls
 e - 2 scrolls of immolation
 l - 3 scrolls of enchant weapon
 s - 8 scrolls of remove curse
 v - 5 scrolls of recharging
 D - 2 scrolls of teleportation
 F - 2 scrolls of blinking
 G - 3 scrolls of identify
 Q - 3 scrolls of magic mapping
 V - 2 scrolls of fog
 W - a scroll of summoning {unknown}
 X - a scroll of enchant armour
Potions
 h - 2 potions of curing
 n - 4 potions of flight
 o - 6 potions of agility
 r - a potion of ambrosia
 u - 4 potions of magic
 B - a potion of haste
 I - 7 potions of might
 J - 2 potions of invisibility
 O - 2 potions of resistance
 Z - a potion of cancellation
Comestibles
 c - 12 bread rations
 f - 15 meat rations
 g - 5 slices of pizza
 x - 10 royal jellies
 A - 8 beef jerkies
 E - 17 fruits


   Skills:
 + Level 13.4(11.7) Fighting
 - Level 14.7(12.9) Polearms
 + Level 9.4(7.9) Armour
 + Level 15.4(13.6) Dodging
 - Level 2.2(1.0) Stealth
 + Level 8.8(7.2) Shields
 - Level 5.5(4.1) Invocations


You had 12 spell levels left.
You knew the following spells:

 Your Spells              Type           Power        Failure   Level  Hunger
a - Apportation           Tloc           #.........   56%         1    ##.....


Dungeon Overview and Level Annotations

Branches:
Dungeon (12/15)            Temple (1/1) D:4            Lair (6/6) D:11
 Shoals (0/4) Lair:3        Snake (0/4) Lair:4        Slime (0/5) Lair:5
    Orc (2/2) D:12
    Elf: Orc:2

Altars:
Ashenzari
Cheibriados
Dithmenos
Elyvilon
Fedhas
Gozag
Hepliaklqana
Kikubaaqudgha
Makhleb
Nemelex Xobeh
Okawaru
Pakellas
Qazlal
Ru
Sif Muna
Trog
Uskayaw
Vehumet
Xom
Yredelemnul
Zin
The Shining One
Jiyva

Shops:
D:11 }:

Annotations:
D:8 Erica


Message History

You closely miss the warg.
The warg is moderately wounded.
The warg barely misses you. The orc sorcerer casts a spell at you.
You suddenly lose the ability to move!
The warg bites you. The warg bites you! The smoke demon gestures at you.
Something smites you!
The orc sorcerer points at you and mumbles some strange words.
Helpless, you fail to dodge the bolt of negative energy.
You feel drained. The warg bites you but does no damage. The warg bites you!
The orc sorcerer points at you and mumbles some strange words.
Helpless, you fail to dodge the bolt of negative energy.
You feel drained.
* * * LOW HITPOINT WARNING * * *
The warg bites you.
You die...
Fedhas appreciates your contribution to the ecosystem.

#...$.....#...........#
#..#..#................
......#................
.........#........#....
............ff.........
......$.....f..........
...................#.
................##
......$.....@$...#
..........h.....#
..............<....
...........3.o....
............#....
...........#....
............ ...
.$..........#


You could see a smoke demon, a warg, an orc sorcerer and 3 friendly wandering
mushrooms.

Vanquished Creatures
  5 dire elephants (Lair:6)
  A minotaur (Lab)
  Harold (Lair:1)
  5 hydras
  An anaconda (Lair:6)
  6 hill giants
  The ghost of Inverse the Carver, a novice VSGl of Okawaru (Bailey)
  2 wandering mushrooms (Lair:6)
  2 ugly things (D:11)
  A deep elf mage (D:12)
  5 black mambas
  17 elephants (Lair:6)
  10 spiny frogs
  The ghost of crawlian the Arsonist, a novice DEFE of Vehumet (D:8)
  A torpor snail (Lair:6)
  7 komodo dragons
  2 rime drakes (Lair:5)
  2 trolls
  A two-headed ogre (D:8)
  21 blink frogs
  2 wraiths
  A wyvern (Lair:6)
  28 yaks
  4 basilisks
  9 hippogriffs
  Menkaure (D:6)
  A naga (Lair:4)
  4 wargs (D:12)
  2 mottled dragons
  A soldier ant (D:9)
  10 porcupines
  Duvessa (D:6)
  13 water moccasins
  4 ice beasts
  7 orc warriors
  4 wasps
  An eye of draining (D:11)
  8 ogres
  4 phantoms
  7 centaurs
  11 wolves
  10 crocodiles
  19 giant frogs
  Dowan (D:6)
  2 elf skeletons (D:4)
  A wyvern skeleton (D:10)
  3 scorpions
  7 wights
  5 killer bees (D:10)
  A howler monkey (D:6)
  6 crimson imps
  2 jellies
  A quasit (D:9)
  8 hounds
  A centaur skeleton (D:4)
  3 giant frog skeletons
  7 orc priests
  7 orc wizards
  2 human skeletons (D:4)
  A gnoll shaman (D:9)
  16 iguanas
  8 worker ants
  15 sheep
  A hound skeleton (D:7)
  Robin (D:3)
  2 howler monkey skeletons
  15 adders
  13 gnolls
  46 river rats
  A shadow imp (D:8)
  2 oozes (D:4)
  An adder skeleton (D:10)
  5 worms
  2 dart slugs
  7 giant geckos
  53 orcs
  2 ball pythons
  5 bats
  6 giant cockroaches
  20 goblins
  10 hobgoblins
  9 jackals
  24 kobolds
  6 quokkas
  A giant gecko skeleton (D:5)
  3 giant newts (D:2)
  A jackal zombie (D:6)
  An orc skeleton (D:4)
  An orc zombie (D:4)
  6 rats
  8 ballistomycetes (Lair:6)
  A giant spore (Lair:6)
  A hyperactive ballistomycete (Lair:6)
  2 toadstools (Lair:6)
597 creatures vanquished.

Vanquished Creatures (collateral kills)
  A hydra (Lair:5)
  A hill giant (D:8)
  A cyclops (D:11)
  2 elephants (Lair:6)
  3 spiny frogs (Lair:3)
  A rime drake (Lair:3)
  2 trolls
  Sigmund (D:6)
  A wyvern (D:10)
  5 yaks
  A vampire (D:11)
  2 hungry ghosts
  2 orc warriors (Bailey)
  2 crocodiles (Lair:3)
  A big kobold (D:11)
  A scorpion (D:8)
  7 wights (D:9)
  2 electric eels (Lair:3)
  An orc priest (D:10)
  A jelly (D:10)
  2 orc wizards (D:7)
  2 gnolls
  A river rat (Lair:6)
  A giant gecko (D:8)
  2 orcs
  2 goblins (Bailey)
  3 kobolds (D:11)
  8 giant spores (Lair:6)
  3 hyperactive ballistomycetes (Lair:6)
62 creatures vanquished.

Vanquished Creatures (others)
  An oklob plant (Lair:2)
  A basilisk (Lair:6)
  A wolf (Lair:2)
  20 wandering mushrooms
  78 ballistomycetes (Lair:6)
  17 fungi
  12 giant spores (Lair:6)
  3 hyperactive ballistomycetes (Lair:6)
  13 plants
  483 toadstools
629 creatures vanquished.

Grand Total: 1288 creatures vanquished

Notes
Turn   | Place    | Note
-------+----------+-------------------------------------------
     0 | D:1      | mistymad the Merfolk Monk began the quest for the Orb.
     0 | D:1      | Reached XP level 1. HP: 18/18 MP: 1/1
   331 | D:1      | Reached XP level 2. HP: 24/24 MP: 2/2
   823 | D:1      | Reached XP level 3. HP: 8/30 MP: 3/3
  1181 | D:2      | Reached skill level 5 in Polearms
  1230 | D:2      | Reached skill level 1 in Armour
  1298 | D:2      | Reached XP level 4. HP: 30/37 MP: 4/4
  1683 | D:2      | Found a blossoming altar of Fedhas.
  1691 | D:2      | Became a worshipper of Fedhas Madash
  1691 | D:2      | Reached * piety under Fedhas
  1691 | D:2      | Reached ** piety under Fedhas
  1746 | D:2      | Found an oddly glowing altar of Pakellas.
  1747 | D:2      | Found an ancient bone altar of Kikubaaqudgha.
  2054 | D:3      | Noticed Robin
  2101 | D:3      | Killed Robin
  2101 | D:3      | Reached XP level 5. HP: 26/42 MP: 5/5
  2320 | D:3      | Found an iron altar of Okawaru.
  2740 | D:4      | Reached skill level 5 in Dodging
  2741 | D:4      | Found a staircase to the Ecumenical Temple.
  3106 | D:3      | Reached XP level 6. HP: 10/49 MP: 6/6
  3640 | D:4      | Found a radiant altar of Vehumet.
  3650 | D:4      | Reached skill level 5 in Fighting
  3716 | D:4      | Found a glowing silver altar of Zin.
  3716 | D:4      | Found a stormy altar of Qazlal.
  3892 | D:4      | Reached XP level 7. HP: 46/56 MP: 7/7
  3971 | D:4      | Reached skill level 6 in Dodging
  4626 | Temple   | Entered the Ecumenical Temple
  4843 | D:5      | Entered Level 5 of the Dungeon
  4998 | D:5      | Learned a level 1 spell: Apportation
  5028 | D:5      | Reached skill level 7 in Dodging
  5028 | D:5      | Reached XP level 8. HP: 32/64 MP: 8/8
  5862 | D:6      | Reached *** piety under Fedhas
  5982 | D:6      | Noticed Duvessa
  5982 | D:6      | Noticed Dowan
  5998 | D:6      | Killed Duvessa
  6012 | D:6      | Killed Dowan
  6032 | D:6      | Noticed Menkaure
  6505 | D:6      | Killed Menkaure
  6505 | D:6      | Reached skill level 8 in Dodging
  6849 | D:6      | Noticed Sigmund
  7160 | D:5      | Reached XP level 9. HP: 58/72 MP: 9/9
  7275 | D:6      | Killed Sigmund
  7520 | D:6      | Reached skill level 1 in Shields
  7746 | D:6      | Found a shadowy altar of Dithmenos.
  8667 | D:7      | Reached skill level 9 in Dodging
  8928 | D:7      | Reached skill level 10 in Polearms
  8953 | D:7      | Reached **** piety under Fedhas
  9377 | D:8      | Noticed a hill giant
  9378 | D:8      | Noticed Erica
  9388 | D:8      | Noticed crawlian's ghost (novice DEFE)
  9507 | D:8      | Got a steaming trident
  9508 | D:8      | Identified the +6 trident "Xilin" {pierce, rC++} (You found it on level 8 of the Dungeon)
  9652 | D:8      | Reached XP level 10. HP: 77/80 MP: 10/10
  9742 | D:8      | Found a shimmering altar of Xom.
  9758 | D:8      | Found a shimmering altar of Xom.
  9758 | D:8      | Found a shimmering altar of Xom.
  9758 | D:8      | Found a shimmering altar of Xom.
  9762 | D:8      | Reached skill level 5 in Armour
  9765 | D:8      | Found a shimmering altar of Xom.
  9783 | D:8      | Found a shimmering altar of Xom.
  9789 | D:8      | Found a shimmering altar of Xom.
  9826 | D:8      | Killed a hill giant
 10109 | D:8      | Killed crawlian's ghost
 10197 | D:8      | Reached skill level 10 in Dodging
 11018 | D:9      | Reached skill level 1 in Invocations
 11287 | D:9      | Reached XP level 11. HP: 84/89 MP: 12/12
 11320 | D:9      | Noticed a hill giant
 11334 | D:9      | Killed a hill giant
 11460 | D:9      | Got a pitted leather armour
 11471 | D:9      | Identified the cursed +1 leather armour of Beogh's Envy {rC+ Str+3 Int-4 Dex+2} (You found it on level 9 of the Dungeon)
 11511 | D:10     | Entered Level 10 of the Dungeon
 11532 | D:10     | Reached skill level 11 in Dodging
 12335 | D:11     | Noticed a hill giant
 12347 | D:11     | Killed a hill giant
 12361 | D:11     | Found a labyrinth entrance.
 12374 | Lab      | Entered a labyrinth
 12536 | Lab      | Noticed a minotaur
 12549 | Lab      | Killed a minotaur
 12789 | Lab      | Identified a scroll of acquirement
 12803 | Lab      | Identified Gepo's Papyrus of Doomed Transmigration
 12879 | D:11     | Noticed a cyclops
 12912 | D:11     | Killed a cyclops
 13193 | D:11     | Got a distressingly furry cloak
 13199 | D:11     | Identified the -5 cloak of Sunlight {*Corrode Int+7} (You acquired it on level 11 of the Dungeon)
 13499 | D:11     | Noticed a white ugly thing
 13499 | D:11     | Noticed a seven-headed hydra
 13514 | D:11     | Killed a white ugly thing
 13747 | D:10     | Noticed a hill giant
 13757 | D:10     | Killed a hill giant
 13757 | D:10     | Reached skill level 10 in Fighting
 13793 | D:11     | Found a staircase to the Lair.
 13793 | D:11     | Noticed a white ugly thing
 13822 | D:11     | Killed a white ugly thing
 13975 | Lair:1   | Entered Level 1 of the Lair of Beasts
 14326 | Lair:1   | Noticed Harold
 14343 | Lair:1   | Reached skill level 5 in Invocations
 14418 | Lair:1   | Reached skill level 12 in Dodging
 14419 | Lair:1   | Reached XP level 12. HP: 97/97 MP: 15/15
 15424 | Lair:2   | Reached ***** piety under Fedhas
 16634 | Lair:3   | Reached skill level 13 in Dodging
 17284 | Lair:3   | Reached skill level 5 in Shields
 17336 | Lair:3   | Found a staircase to the Shoals.
 17637 | Lair:4   | Reached XP level 13. HP: 106/106 MP: 17/17
 17859 | Lair:4   | Found a staircase to the Snake Pit.
 19212 | Lair:5   | Found a viscous altar of Jiyva.
 19212 | Lair:5   | Found a staircase to the Slime Pits.
 19363 | Lair:6   | Entered Level 6 of the Lair of Beasts
 19423 | Lair:6   | Reached skill level 14 in Dodging
 19788 | Lair:6   | Reached XP level 14. HP: 90/116 MP: 18/18
 19868 | Lair:6   | Got a crude leather armour
 19879 | Lair:6   | Identified the +4 leather armour of the Swamp {-Tele rF+ Str-4 Int+9} (You found it on level 6 of the Lair of Beasts)
 21003 | Lair:6   | Noticed a dire elephant
 21003 | Lair:6   | Noticed a dire elephant
 21023 | Lair:6   | Noticed a dire elephant
 21179 | Lair:6   | Noticed a dire elephant
 21183 | Lair:6   | Noticed a dire elephant
 21204 | Lair:6   | Noticed a dire elephant
 21547 | Lair:6   | Killed a dire elephant
 21567 | Lair:6   | Killed a dire elephant
 21567 | Lair:6   | Reached skill level 15 in Dodging
 21632 | Lair:6   | Killed a dire elephant
 21661 | Lair:6   | Killed a dire elephant
 21904 | Lair:6   | Killed a dire elephant
 22270 | Lair:1   | Killed Harold
 22629 | D:11     | Found Yrhyviti's Gadget Boutique.
 22935 | D:11     | Found Ijeemutoc's Book Shop.
 23054 | D:12     | Found a flagged portal.
 23065 | Bailey   | Entered a bailey
 23068 | Bailey   | Noticed Inverse's ghost (novice VSGl)
 23076 | Bailey   | Killed Inverse's ghost
 23688 | D:12     | Found a staircase to the Orcish Mines.
 24061 | Orc:1    | Entered Level 1 of the Orcish Mines
 24365 | Orc:2    | Entered Level 2 of the Orcish Mines
 24377 | Orc:2    | Paralysed by an orc sorcerer for 5 turns
 24380 | Orc:2    | HP: 3/118 [orc sorcerer/bolt of negative energy (41)]
 24381 | Orc:2    | Slain by a warg

Vault maps used:
D:1:      minmay_arrival_shoal_huts, serial_glass, glass_columns_a,
          glass_columns_c, glass_columns_a, glass_columns_a, glass_columns_c,
          glass_columns_a, glass_columns_c, glass_columns_b, glass_columns_a,
          glass_columns_b, glass_columns_a, glass_columns_b, glass_columns_a,
          glass_columns_b, st_stairs_8, item_on_display_a
D:2:      minmay_door_path, fedhas_altar_2, gammafunk_temple_overflow_pools,
          corexii_item_surrounded_by_moat
D:3:      lemuel_round_altar, serial_corexii_hall, corexii_hall_statues_x,
          corexii_hall_statues_i, uniq_robin
D:4:      gammafunk_temple_overflow_wave, nicolae_ossuary_entry_catacombs,
          vehumet_altar_wand_db
D:5:      first_bread
D:6:      lemuel_coloured_pillars_altar, uniq_menkaure, uniq_sigmund,
          uniq_duvessa
D:8:      nicolae_xom_altar_mimics, st_stairs_9, kennysheep_generic_room_8,
          uniq_erica
D:9:      hangedman_pestilent_swarm, minmay_misc_feat_square
D:11:     david_lair_shrubbed, serial_shops, shop_statue, shop,
          lab_entry_generic
D:12:     minmay_orc_entry_guard_dogs, enter_bailey_3
Temple:   dpeg_chambers_temple
Lair:1:   uniq_harold
Lair:3:   shoals_dummy_entry, st_stairs_4, beast_lair_carwin_6,
          lemuel_fruit_tree, infiniplex_staircase_pool
Lair:4:   guppyfry_snake_entry_garden
Lair:5:   dpeg_slime_entry_enclosed_altar, hangedman_lair_unloving_vines
Lair:6:   due_jungle_book, hibernation_bobbens, grunt_megastairs_1
Orc:2:    grunt_orc_tribal_feast, basic_altar
Lab:      nicolae_lab_dead_adventurers, nicolae_lab_quarters,
          labyrinth_skeletal_remains, nicolae_lab_grate
Bailey:   bailey_axe_1, bailey

Skill      XL: |  1  2  3  4  5  6  7  8  9 10 11 12 13 14 |
---------------+-------------------------------------------+-----
Polearms       | 5 6 7 8 10 11 13 14 | 14.7
Armour         | 1 2 3 4 5 6 7 8 9 |  9.4
Fighting       | 4 5 6 7 8 9 10 11 12 13 | 13.4
Dodging        | 5 7 8 9 10 12 13 14 15 | 15.4
Shields        | 3 4 5 7 8 |  8.8
Invocations    | 1 5 |  5.5
Stealth        | |  2.2

Action                   |  1- 3 |  4- 6 |  7- 9 | 10-12 | 13-15 || total
-------------------------+-------+-------+-------+-------+-------++-------
Melee: Spear             |    97 |   409 |     4 |       |       ||   510
       Tailslap          |     2 |       |       |     2 |     7 ||    11
       Trident           |       |       |   623 |   871 |   842 ||  2336
Throw: Throwing net      |       |       |       |     1 |     1 ||     2
Invok: Evolution         |       |       |     2 |    13 |    22 ||    37
       Reproduction      |       |       |       |       |     7 ||     7
Evoke: Wand              |       |       |       |       |     3 ||     3
  Use: Scroll            |     3 |     2 |    12 |    19 |    11 ||    47
       Potion            |       |       |     1 |     4 |       ||     5
 Stab: Sleeping          |     1 |     3 |     2 |     9 |     8 ||    23
       Distracted        |       |       |       |     4 |     3 ||     7
       Confused          |       |       |       |     1 |    11 ||    12
  Eat: Chunk             |     1 |     9 |    22 |    30 |    24 ||    86
       Beef jerky        |       |       |     1 |       |       ||     1
Armor: Robe              |     1 |       |       |       |       ||     1
       Ring mail         |    16 |    84 |   116 |    21 |       ||   237
       Crystal plate arm |       |       |       |    47 |       ||    47
       Leather armour    |       |       |       |    54 |    78 ||   132
Dodge: Dodged            |    50 |   151 |   319 |   349 |   450 ||  1319
Block: Other             |    19 |    76 |    12 |       |       ||   107
       Reflection        |       |     1 |       |       |       ||     1
       Buckler           |       |       |    38 |   113 |   148 ||   299
